 Dungeon Crawl Stone Soup version 0.30.1-11-g7821555f0a (webtiles) character file.

Game seed: 4538481349311925594

214 RancidPinata the Sneak (level 5, -7/37 HPs)
             Began as an Octopode Delver on Jan 10, 2024.
             Shot with a bolt by a hobgoblin (17 damage)
             ... on level 3 of the Dungeon.
             The game lasted 00:10:09 (3482 turns).

RancidPinata the Sneak (Octopode Delver)            Turns: 3482, Time: 00:10:10

Health: -7/37      AC:  1    Str: 12    XL:     5   Next: 91%
Magic:  5/5        EV: 14    Int: 12    God:
Gold:   149        SH:  0    Dex: 15    Spells: 4/4 levels left

rFire   . . .        i - +2 dagger (venom)
rCold   . . .        (no shield)
rNeg    . . .        (helmet restricted)
rPois   .            (no amulet)
rElec   .            (no ring)
rCorr   .            (no ring)
SInv    .            (no ring)
Will    .....        (no ring)
Stlth   +++++        (no ring)
HPRegen 0.26/turn    (no ring)
MPRegen 0.09/turn    (no ring)
                     (no ring)

%: no passive effects
@: no status effects
A: almost no armour, amphibious, 8 rings, camouflage 1, gelatinous body 1,
(nimble swimmer 1), tentacles
a: no special abilities


You were on level 3 of the Dungeon.
You visited 1 branch of the dungeon, and saw 5 of its levels.

You collected 149 gold pieces.

Inventory:

Hand Weapons
 a - a +0 short sword
 i - a +2 dagger of venom (weapon)
 C - a +0 antimagic falchion
Missiles
 h - 53 stones (quivered)
 l - a throwing net
 r - 5 silver javelins
Jewellery
 k - an amulet of magic regeneration
Wands
 f - a wand of digging (3)
Scrolls
 b - a scroll of fog
 c - 3 scrolls of magic mapping
 d - 4 scrolls of fear
 g - 3 scrolls of identify {unknown}
 j - a scroll of silence {unknown}
 m - 2 scrolls of noise {unknown}
 n - a scroll of amnesia {unknown}
 s - 3 scrolls of teleportation {unknown}
 w - 2 scrolls of vulnerability {unknown}
 y - 2 scrolls of blinking {unknown}
 B - a scroll of torment {unknown}
Potions
 e - 2 potions of haste
 o - a potion of cancellation {unknown}
 p - 3 potions of curing {unknown}
 q - a potion of magic {unknown}
 t - a potion of mutation {unknown}
 u - 2 potions of brilliance {unknown}
 v - a potion of degeneration {unknown}
 x - a potion of heal wounds {unknown}
 z - a potion of lignification {unknown}
 A - a potion of might {unknown}


   Skills:
 * Level 4.2 Fighting
 + Level 2.8 Short Blades
 * Level 3.6 Dodging
 * Level 7.8 Stealth


You had 4 spell levels left.
You didn't know any spells.
Your spell library contained the following spells:

 Spells                   Type           Power      Damage    Failure   Level
 Sublimation of Blood     Necr           0%         N/A       45%         2
 Wereblood                Tmut           0%         N/A       45%         2
 Summon Hydra             Summ           0%         N/A       100%        7


Dungeon Overview and Level Annotations

Branches:
Dungeon (5/15)
 Temple: D:4-7

Altars:
Wu Jian

Annotations:
D:4 Grinder


Innate Abilities, Weirdness & Mutations

You cannot wear most types of armour.
You are amphibious.
You can wear up to eight rings at the same time.
Your skin changes colour to match your surroundings (Stealth+).
Your rubbery body absorbs attacks. (AC +1, EV +1)
((You are camouflaged when in or above water. (Stealth+)))
You have tentacles for arms and can constrict up to eight enemies at once.


Message History

The ball python moves out of view.
You enter the deep water.
You enter the deep water.
The ball python hisses angrily.
You hit the ball python. You grab the ball python.
The ball python is severely wounded.
You constrict the ball python.
You kill the ball python!
The orc priest shouts!
You enter the deep water.
You start waiting.
An orc priest is nearby!
The orc priest closely misses you.
A hobgoblin comes into view. It is wielding a +0 arbalest.
The orc shouts!
The hobgoblin shouts!
You hit the orc priest. You grab the orc priest.
The orc priest is lightly wounded.
You constrict the orc priest.
You hear a shout! x2
The orc priest hits you with a +0 mace.
The hobgoblin shoots a bolt.
The bolt closely misses you.
Unknown command.
You hit the orc priest.
The orc priest is poisoned.
The orc priest is severely wounded.
You constrict the orc priest.
You kill the orc priest!
You hit the orc.
The orc is poisoned.
You grab the orc.
The orc is almost dead.
You constrict the orc.
You kill the orc!
The hobgoblin shoots a bolt.
The bolt hits you!
The hobgoblin shoots a bolt.
The bolt hits you!
* * * LOW HITPOINT WARNING * * *
The orc wizard casts a spell.
The orc wizard flickers and vanishes!
Deactivating autopickup; reactivate with Ctrl-A.
Items here: )) ††.
C - a +0 antimagic falchion The hobgoblin shoots a bolt.
The bolt hits you!
You die...

#####...###≈≈~..≈≈........##.....
......#..........≈........##.....
......####....≈..≈........##.....
......###....≈~##.........##.....
........#...≈~##..........##..###
........'...≈...#..≈.g....##### #
........#........#≈≈≈...... #
........#...#....++........ #
.....#..........@##........ .
######......................g..~.
.........##..#.{##..... ..~.
.#......##..###..##.....o#≈#
#.....# ..# ..# #o....#≈# ...
#.## #.# #...##### g. ## ##
#.#...### ##........ #..##.....


You could see a hobgoblin.

Vanquished Creatures
  2 orc priests (D:3)
  An orc wizard (D:3)
  3 gnolls (D:4)
  3 adders
  A dart slug (D:1)
  7 orcs
  7 endoplasms
  4 giant cockroaches
  5 goblins
  3 hobgoblins
  3 jackals (D:4)
  5 quokkas
  4 ball pythons
  A bat (D:1)
  3 frilled lizards (D:2)
  10 kobolds
  2 rats
64 creatures vanquished.

Notes
Turn   | Place    | Note
-------+----------+-------------------------------------------
     0 | D:5      | RancidPinata the Octopode Delver began the quest for the
                  | Orb.
     0 | D:5      | Reached XP level 1. HP: 16/16 MP: 1/1
    56 | D:5      | Noticed an iguana
   247 | D:4      | Reached XP level 2. HP: 21/21 MP: 2/2
   301 | D:4      | Noticed Grinder
   354 | D:4      | Reached skill level 7 in Stealth
   354 | D:4      | Reached XP level 3. HP: 19/26 MP: 3/3
   860 | D:4      | Reached XP level 4. HP: 22/32 MP: 4/4
  1054 | D:3      | Found an ornate altar of the Wu Jian Council.
  2424 | D:2      | Reached XP level 5. HP: 35/37 MP: 5/5
  3482 | D:3      | Shot with a bolt by a hobgoblin

Illustrated notes

Levels and vault maps discovered:
D:1:      dpeg_arrival_snail, layout_loops_ring, minmay_pentomino_r4
D:2:      layout_basic
D:3:      layout_basic, overflow_temple_1_default,
          gammafunk_temple_overflow_claw, serial_rivers,
          chequers_serial_rivers_small_b, chequers_serial_rivers_micro_a,
          chequers_serial_rivers_large_b, chequers_serial_rivers_micro_a,
          chequers_serial_rivers_room_a, chequers_serial_rivers_room_a,
          kennysheep_generic_room_16
D:4:      layout_loops_corners, chequers_serial_rivers_micro_d, uniq_grinder
D:5:      layout_layer_cave

Skill      XL: |  1  2  3  4  5 |
---------------+----------------+-----
Stealth        | 7 |  7.8
Dodging        | 3 |  3.6
Fighting       | 4 |  4.2
Short Blades   | |  2.8

Action                     |  1- 3 |  4- 6 || total
---------------------------+-------+-------++-------
  Melee: Dagger            |    32 |    63 ||    95
         Short sword       |     4 |       ||     4
         Tentacles         |    11 |    17 ||    28
         Constrict         |     9 |    17 ||    26
  Throw: Stone             |       |     6 ||     6
   Stab: Sleeping          |     5 |    17 ||    22
         Distracted        |       |     1 ||     1
 Armour: Skin              |     3 |     5 ||     8
  Dodge: Dodged            |     8 |    32 ||    40
